 Dungeon Sprint DCSS version 0.21.0-24-g2553a33 (webtiles) character file.

5723 letownia2 the Brawler (level 10, -1/102 HPs)
             Began as a Troll Wizard on Jan 19, 2018.
             Was an Initiate of Ru.
             Shot with an arrow by a centaur warrior (18 damage)
             ... in the Dungeon (Sprint I: "Red Sonja").
             The game lasted 00:06:33 (863 turns).

letownia2 the Brawler (Troll Wizard)                 Turns: 863, Time: 00:06:34

Health: -1/102     AC:  4    Str: 19    XL:     10   Next: 48%
Magic:  7/14       EV: 10    Int: 15    God:    Ru [......]
Gold:   605        SH:  0    Dex: 10    Spells: 9/18 levels left

rFire    . . .     SeeInvis .     - Unarmed
rCold    . . .     Gourm    +   (no shield)
rNeg     . . .     Faith    .   a - +0 robe
rPois    .         Spirit   .   b - +0 hat
rElec    .         Reflect  .   (no cloak)
rCorr    .         Harm     .   (gloves unavailable)
MR       .....     Rnd*Rage +   (boots unavailable) Stlth ..........NoTele +
                                (no amulet)
HPRegen  0.67/turn              (no ring)
MPRegen  0.14/turn              (no ring)

@: no status effects
A: large, unfitting armour, claws 3, camouflage 1, agile 1, berserk 1, deformed
body, dopey 1, fast metabolism 3, frail 1, gourmand, low mp 1, regeneration 1,
shaggy fur 1, strong 1, tough skin 2, subdued magic 1, no stealth
a: Renounce Religion


You were in the Dungeon.
You worshipped Ru.
Ru was noncommittal.
You were very hungry.

You visited 1 branch You collected 757 gold pieces.
You spent 152 gold pieces at shops.

Inventory:

Hand Weapons
 m - a +4 scythe of freezing
 n - a +8 blowgun
Missiles
 o - 4 curare-tipped needles
Armour
 a - a +0 robe (worn)
 b - a +0 hat (worn)
Scrolls
 j - a scroll of blinking
Potions
 e - 4 potions of curing
 f - a potion of heal wounds
 g - a potion of haste
 h - 2 potions of magic
 i - a potion of berserk rage
 k - 2 potions of lignification
 l - a potion of agility
Books
 c - a book of Minor Magic

   Spells                             Type                      Level
   a - Magic Dart                     Conjuration                  1
   b - Blink                          Translocation                2
   c - Call Imp                       Summoning                    2
   d - Slow                           Hexes                        2
   e - Conjure Flame                  Conjuration/Fire             3
   f - Mephitic Cloud                 Conjuration/Poison/Air       3
Comestibles
 d - 3 rations


   Skills:
 + Level 11.6 Fighting
 - Level 1.5 Dodging
 - Level 16.2 Unarmed Combat
 - Level 4.8 Spellcasting
 - Level 4.3 Conjurations
   Level 0.6 Summonings
 - Level 2.6 Translocations
 - Level 4.4 Fire Magic
 - Level 2.2 Air Magic
 - Level 2.4 Poison Magic


You had 9 spell levels left.
You knew the following spells:

 Your Spells              Type           Power        Failure   Level  Hunger
a - Magic Dart            Conj           ##..         1%          1    None
b - Blink                 Tloc           N/A          7%          2    ##.....
c - Conjure Flame         Conj/Fire      ##......     7%          3    ###....
e - Mephitic Cloud        Conj/Pois/Air  #.......     12%         3    ###....


Dungeon Overview and Level Annotations

Branches:
Dungeon (1/1)

Altars:
Cheibriados
Dithmenos
Elyvilon
Fedhas
Gozag
Hepliaklqana
Kikubaaqudgha
Nemelex Xobeh
Okawaru
Qazlal
Ru
Sif Muna
Trog
Uskayaw
Vehumet
Wu Jian
Yredelemnul
Zin
The Shining One
Jiyva
Lugonu

Shops:
D ?!(:%:


Innate Abilities, Weirdness & Mutations

You are too large for most types of armour.
You have claws for hands.
Your metabolism is lightning-fast.
You like to eat raw meat.
Your natural rate of healing is unusually fast.
You are covered in fur. (AC +1)
You have very tough skin. (AC +2)
You cannot be stealthy.
Your skin changes colour to match your surroundings (Stealth+).
You are agile. (Dex +2)
You tend to lose your temper in combat.
Armour fits poorly on your strangely shaped body.
You are dopey. (Int -2)
You are frail. (-10% HP)
Your magical capacity is low. (-10% MP)
Your muscles are strong. (Str +2)
Your spells are a little easier to cast, but a little less powerful.


Message History

The centaur warrior hits you!
* * * LOW HITPOINT WARNING * * *
Unknown command.
Unknown command.
Unknown command.
Really attack while wielding your +8 blowgun?
Okay, then.
You are now empty-clawed.
You closely miss the centaur warrior.
The centaur warrior is almost dead.
The centaur warrior hits you!
* * * LOW HITPOINT WARNING * * *
Unknown command.
Unknown command.
You scratch the centaur warrior.
You kill the centaur warrior!
Your Fighting skill increases to level 11!
The centaur warrior wields a longbow.
The centaur warrior shoots an arrow.
The arrow hits you!!
You die...

.#..'..#[.'..#__#
.'))#..'..#..+..+
.#####'#####'#
.####..#...#)###
.#__####..##.#§§
.#_____##'#_.+c§
⌠#_.∩...'..._#≈≈
##_..__##_.#'##§###
#_____###'#(#(§@(#
##########.####'###
........')..'.....+
#''''####...#######
......####.###
.......#.#'#.#
.#.....#.....#
.......#..[..#
....#..#######


You could see a centaur warrior.

Vanquished Creatures
  A centaur warrior (D)
  Sonja (D)
  A deep troll (D)
  8 shining eyes (D)
  A yak (D)
  Sigmund (D)
  4 floating eyes (D)
  An ogre (D)
  A jelly (D)
  Ijyb (D)
  7 ballistomycetes (D)
  A ballistomycete spore (D)
28 creatures vanquished.

Vanquished Creatures (others)
  A ballistomycete spore (D)
1 creature vanquished.

Grand Total: 29 creatures vanquished

Notes
Turn   | Place    | Note
-------+----------+-------------------------------------------
     0 | D        | letownia2 the Troll Wizard began the quest for the Orb.
     0 | D        | Reached XP level 1. HP: 16/16 MP: 2/2
     2 | D        | Noticed Ijyb
    33 | D        | Killed Ijyb
    33 | D        | Reached skill level 4 in Unarmed Combat
    33 | D        | Reached XP level 2. HP: 17/29 MP: 4/4
    42 | D        | Learned a level 2 spell: Blink
    57 | D        | Noticed an ogre
    66 | D        | Killed an ogre
    66 | D        | Reached skill level 6 in Unarmed Combat
    66 | D        | Reached XP level 3. HP: 36/36 MP: 5/5
    66 | D        | Reached XP level 4. HP: 44/44 MP: 6/6
    71 | D        | Learned a level 3 spell: Mephitic Cloud
    82 | D        | Noticed Sigmund
    91 | D        | Killed Sigmund
    91 | D        | Reached skill level 7 in Unarmed Combat
    91 | D        | Reached XP level 5. HP: 38/50 MP: 0/7
    98 | D        | Learned a level 3 spell: Conjure Flame
   116 | D        | Found an ornate altar of the Wu Jian Council.
   116 | D        | Found a deep blue altar of Sif Muna.
   118 | D        | Found a radiant altar of Vehumet.
   122 | D        | Reached skill level 8 in Unarmed Combat
   122 | D        | Reached XP level 6. HP: 55/59 MP: 0/9
   141 | D        | Found Yheupp's Book Emporium.
   141 | D        | Found an ancient bone altar of Kikubaaqudgha.
   141 | D        | Found a hazy altar of Hepliaklqana.
   141 | D        | Found a stormy altar of Qazlal.
   141 | D        | Found a hide-covered altar of Uskayaw.
   141 | D        | Found a blossoming altar of Fedhas.
   141 | D        | Found a bloodstained altar of Trog.
   141 | D        | Found an iron altar of Okawaru.
   141 | D        | Found a basalt altar of Yredelemnul.
   141 | D        | Found a glowing golden altar of the Shining One.
   141 | D        | Found a snail-covered altar of Cheibriados.
   141 | D        | Found a sacrificial altar of Ru.
   141 | D        | Found a glowing silver altar of Zin.
   141 | D        | Found a shadowy altar of Dithmenos.
   141 | D        | Found a white marble altar of Elyvilon.
   141 | D        | Noticed a yak
   194 | D        | HP: 1/59 [yak (11)]
   195 | D        | Killed a yak
   195 | D        | Reached skill level 9 in Unarmed Combat
   196 | D        | Found a viscous altar of Jiyva.
   196 | D        | Found a corrupted altar of Lugonu.
   196 | D        | Noticed a slime creature
   203 | D        | Found an opulent altar of Gozag.
   204 | D        | Found a sparkling altar of Nemelex Xobeh.
   209 | D        | Became a worshipper of Ru the Awakened
   289 | D        | Noticed Sonja
   301 | D        | Killed Sonja
   301 | D        | Reached skill level 11 in Unarmed Combat
   301 | D        | Reached XP level 7. HP: 21/66 MP: 5/13
   301 | D        | Reached XP level 8. HP: 23/74 MP: 5/14
   323 | D        | Found Qefaevit's Magic Scroll Boutique.
   331 | D        | Bought a scroll of identify for 20 gold pieces
   382 | D        | Noticed a deep troll
   405 | D        | Killed a deep troll
   405 | D        | Reached skill level 13 in Unarmed Combat
   534 | D        | Noticed a shining eye
   534 | D        | Noticed a shining eye
   534 | D        | Noticed a shining eye
   544 | D        | Reached skill level 14 in Unarmed Combat
   554 | D        | Gained mutation: Your skin changes colour to match your surroundings (Stealth+). [a shining eye]
   557 | D        | Killed a shining eye
   557 | D        | Reached skill level 15 in Unarmed Combat
   557 | D        | Reached XP level 9. HP: 80/80 MP: 8/15
   559 | D        | Killed a shining eye
   559 | D        | Reached skill level 16 in Unarmed Combat
   578 | D        | Paralysed by a floating eye for 4 turns
   583 | D        | Gained mutation: You cannot be stealthy. [Ru sacrifice]
   585 | D        | Gained mutation: Your spells are a little easier to cast, but a little less powerful. [a shining eye]
   609 | D        | Killed a shining eye
   609 | D        | Reached skill level 5 in Fighting
   622 | D        | Noticed a shining eye
   622 | D        | Noticed a shining eye
   622 | D        | Noticed a shining eye
   625 | D        | Gained mutation: Armour fits poorly on your strangely shaped body. [a shining eye]
   639 | D        | Killed a shining eye
   675 | D        | Noticed a shining eye
   675 | D        | Noticed a shining eye
   676 | D        | Gained mutation: Your magical capacity is low. (-10% MP) [a shining eye]
   676 | D        | Gained mutation: You are frail. (-10% HP) [a shining eye]
   698 | D        | Killed a shining eye
   698 | D        | Reached XP level 10. HP: 95/95 MP: 3/14
   701 | D        | Gained mutation: You are very frail. (-20% HP) [a shining eye]
   702 | D        | Killed a shining eye
   732 | D        | Gained mutation: Your body sometimes deteriorates upon taking damage. [a shining eye]
   752 | D        | Killed a shining eye
   752 | D        | Reached skill level 10 in Fighting
   764 | D        | Gained mutation: You are dopey. (Int -2) [a shining eye]
   767 | D        | Killed a shining eye
   782 | D        | Found Mol Vief's Food Shop.
   782 | D        | Found Bofe's Weapon Emporium.
   782 | D        | Found Teituwaj's Book Boutique.
   783 | D        | Found Fumnav's Distillery.
   787 | D        | Bought a potion of lignification for 36 gold pieces
   805 | D        | Bought a potion of mutation for 96 gold pieces
   805 | D        | Lost mutation: You are very frail. (-20% HP) [potion of mutation]
   805 | D        | Lost mutation: Your body sometimes deteriorates upon taking damage. [potion of mutation]
   805 | D        | Gained mutation: Your muscles are strong. (Str +2) [potion of mutation]
   805 | D        | Gained mutation: You tend to lose your temper in combat. [potion of mutation]
   805 | D        | Gained mutation: You are agile. (Dex +2) [potion of mutation]
   853 | D        | Noticed a centaur warrior
   860 | D        | Noticed a centaur warrior
   863 | D        | Killed a centaur warrior
   863 | D        | Shot with an arrow by a centaur warrior

Skill      XL: |  1  2  3  4  5  6  7  8  9 10 |
---------------+-------------------------------+-----
Fighting       | 2 8 11 | 11.6
Unarmed Combat | 4 6 7 8 11 15 16 | 16.2
Conjurations   | 3 4 |  4.3
Translocations | 2 |  2.6
Air Magic      | 2 |  2.2
Poison Magic   | 2 |  2.4
Spellcasting   | 4 |  4.8
Fire Magic     | 4 |  4.4
Stealth        | 0 |  0.0
Dodging        | |  1.5
Summonings     | |  0.6

Action                   |  1- 3 |  4- 6 |  7- 9 | 10-12 || total
-------------------------+-------+-------+-------+-------++-------
Melee: Unarmed           |    37 |    33 |    45 |     9 ||   124
       Punch             |       |       |     3 |     1 ||     4
 Fire: Blowgun           |       |       |     2 |     1 ||     3
 Cast: Mephitic Cloud    |       |     3 |     1 |       ||     4
       Blink             |       |     1 |     1 |       ||     2
       Conjure Flame     |       |       |    13 |     6 ||    19
Invok: Sacrifice Stealth |       |       |     1 |       ||     1
  Use: Scroll            |       |       |     1 |       ||     1
       Potion            |       |       |       |     1 ||     1
 Stab: Confused          |       |     1 |       |       ||     1
  Eat: Chunk             |       |       |     6 |       ||     6
Armor: Robe              |     8 |     6 |       |       ||    14
Dodge: Dodged            |    14 |     3 |     3 |     2 ||    22
